 Dungeon Crawl Stone Soup version 0.23-a0-586-gacb4b3f (console) character file.

1542 Duffy the Firebug (level 8, -8/61 HPs)
             Began as a Demonspawn Fire Elementalist on Dec 18, 2018.
             Mangled by Duvessa
             ... wielding a +0 short sword
              (10 damage)
             ... on level 6 of the Dungeon.
             The game lasted 00:11:11 (8936 turns).

Duffy the Firebug (Demonspawn Fire Elementalist)    Turns: 8936, Time: 00:11:12

Health: -8/61      AC:  5    Str:  8    XL:     8   Next: 56%
Magic:  1/14       EV: 14    Int: 20    God:
Gold:   271        SH:  3    Dex: 13    Spells: 7/15 levels left

rFire    . . .     SeeInvis .   t - +0 blowgun
rCold    . . .     Gourm    .   (no shield)
rNeg     . . .     Faith    .   a - +0 robe
rPois    .         Spirit   .   (no helmet)
rElec    .         Reflect  +   (no cloak)
rCorr    .         Harm     .   C - +0 pair of gloves (curse)
MR       .....                  (no boots)
Stlth    ++++......             y - +3 amulet of reflection
HPRegen  0.20/turn              (no ring)
MPRegen  0.14/turn              (no ring)

@: very slightly contaminated
A: hooves 1, iridescent scales 1, nightstalker 2, rot immunity
a: no special abilities


You were on level 6 of the Dungeon.
You were not hungry.

You visited 1 branch of the dungeon, and saw 6 of its levels.
You also visited: Ossuary.

You collected 271 gold pieces.

Inventory:

Hand Weapons
 l - a +0 short sword
 t - a +0 blowgun (weapon)
 K - the +3 long sword "Tetepeme" {slice, +Blink rElec Dex-4 SInv}
   (You found it on level 6 of the Dungeon)

   It inflicts extra damage upon your enemies.
   It affects your dexterity (-4).
   It insulates you from electricity.
   It lets you see invisible.
   It lets you blink.
Missiles
 o - 7 silver javelins
 u - 20 poisoned needles (quivered)
Armour
 a - a +0 robe (worn)
 C - a cursed +0 pair of gloves (worn)
Jewellery
 y - a +3 amulet of reflection (around neck)
Wands
 E - a wand of paralysis (2)
Scrolls
 b - a scroll of enchant armour {unknown}
 e - 3 scrolls of teleportation
 f - a scroll of enchant weapon {unknown}
 h - 2 scrolls of fear
 j - 2 scrolls of immolation {unknown}
 n - 2 scrolls of random uselessness {unknown}
 q - 3 scrolls of amnesia
 w - a scroll of noise {unknown}
 x - a scroll of holy word {unknown}
 D - a scroll of magic mapping {unknown}
 H - a scroll of remove curse {unknown}
 I - a scroll of blinking {unknown}
Potions
 d - 4 potions of lignification
 g - 4 potions of might
 i - 3 potions of brilliance {unknown}
 k - 2 potions of berserk rage
 m - 2 potions of cancellation
 p - 2 potions of curing
 r - 2 potions of flight
 s - 7 potions of haste
 v - a potion of degeneration
 z - 2 potions of ambrosia
 A - a potion of mutation
 B - 2 potions of heal wounds
 F - a potion of magic {unknown}
 G - a potion of invisibility
Comestibles
 c - 5 rations


   Skills:
 + Level 4.8 Fighting
 + Level 4.8 Dodging
 - Level 1.7 Stealth
 - Level 4.0 Spellcasting
 - Level 5.0 Conjurations
 - Level 5.2 Fire Magic


You had 7 spell levels left.
You knew the following spells:

 Your Spells              Type           Power        Failure   Level  Hunger
h - Flame Tongue          Conj/Fire      ###..        1%          1    None
j - Sticky Flame          Conj/Fire      ###.....     16%         4    ####...
l - Conjure Flame         Conj/Fire      ###.....     4%          3    ###....

Your spell library contained the following spells:

 Spells                   Type           Power        Failure   Level  Hunger
 Throw Flame              Conj/Fire      ###...       2%          2    #......
 Inner Flame              Hex/Fire       ##......     13%         3    ###....
 Fireball                 Conj/Fire      ###.......   38%         5    ######.
 Bolt of Magma            Conj/Fire/Erth ###.......   65%         5    ######.
 Iskenderun's Battlesphe  Conj/Chrm      ##......     77%         5    ######.
 Venom Bolt               Conj/Pois      ##........   77%         5    ######.
 Iron Shot                Conj/Erth      ##........   100%        6    #######
 Orb of Destruction       Conj           ###.......   100%        7    #######
 Spellforged Servitor     Conj/Summ      ##........   100%        7    #######


Dungeon Overview and Level Annotations

Branches:
Dungeon (6/15)
 Temple: D:4-7

Altars:
Okawaru
Sif Muna
Xom
Yredelemnul

Annotations:
D:3 exclusions: 2 orcs and orc wizard
D:6 1 runed door, Duvessa; confidenceinterval's ghost, novice GnSu


Innate Abilities, Weirdness & Mutations

You have large cloven feet.
You are partially covered in iridescent scales. (AC +2)
You are significantly more attuned to the shadows.
You are immune to rotting.


Message History

Duvessa hits you but does no damage.
Evoke which item? (* to show all) (? for menu, Esc to quit)
Okay, then.
Press: ? - help, v - describe, . - travel, g - get item
Here: Duvessa, wielding a +0 short sword, wearing a +3 chain mail of poison An arrow.
The floor, spattered with blood.
Unknown command.
Evoke which item? (* to show all) (? for menu, Esc to quit)
Aiming: Paralyse
Press: ? - help, Shift-Dir - straight line, f/p - Duvessa
Aim: Duvessa, wielding a +0 short sword, wearing a +3 chain mail of poison Duvessa easily resists.
Duvessa hits you with a +0 short sword. x2
Evoke which item? (* to show all) (? for menu, Esc to quit)
Aiming: Paralyse
Press: ? - help, Shift-Dir - straight line, f/p - Duvessa
Aim: Duvessa, wielding a +0 short sword, wearing a +3 chain mail of poison Duvessa easily resists.
Duvessa closely misses you. Duvessa hits you with a +0 short sword!
You die...

#.. ##.##.e.# ...
#.###.## #..##.#
#..##.# ##..##.#
##......# ###
########.##(####
#.#####........##e#
#.......###.....@.#
######### #########


You could see Duvessa (berserk).

Vanquished Creatures
  A phantom (D:5)
  An ice beast (D:6)
  A sky beast (D:6)
  A centaur (D:6)
  Blork the orc (D:4)
  A bullfrog (D:6)
  4 scorpions
  A crimson imp (D:5)
  A bullfrog zombie (D:6)
  A centaur zombie (Ossuary)
  A human zombie (D:4)
  2 orc priests
  4 orc wizards
  2 human skeletons (D:4)
  An iguana (D:5)
  Terence (D:3)
  6 worker ants
  2 big kobold zombies (Ossuary)
  4 mummies (Ossuary)
  A worker ant zombie (D:6)
  8 adders
  A gnoll (D:1)
  3 oozes
  6 worms
  6 leopard geckos
  15 orcs
  2 giant cockroaches
  2 gnoll zombies (D:4)
  5 goblins
  10 hobgoblins
  4 jackals
  A quokka (D:3)
  6 bats
  5 frilled lizards
  A hobgoblin zombie (Ossuary)
  11 kobolds
  A leopard gecko skeleton (D:4)
  2 orc skeletons (D:4)
  An orc zombie (D:4)
  A quokka skeleton (D:5)
  A quokka zombie (D:5)
  11 rats
140 creatures vanquished.

Notes
Turn   | Place    | Note
-------+----------+-------------------------------------------
     0 | D:1      | Duffy the Demonspawn Fire Elementalist began the quest for
                  | the Orb.
     0 | D:1      | Reached XP level 1. HP: 13/13 MP: 3/3
   351 | D:1      | Gained mutation: You have large cloven feet. [demonic
                  | ancestry]
   351 | D:1      | Reached XP level 2. HP: 19/19 MP: 1/5
  1133 | D:1      | Gained mutation: You are slightly more attuned to the
                  | shadows. [demonic ancestry]
  1133 | D:1      | Reached XP level 3. HP: 24/24 MP: 4/6
  1138 | D:1      | Learned a level 3 spell: Conjure Flame
  1862 | D:2      | Found an iron altar of Okawaru.
  2230 | D:3      | Gained mutation: You are significantly more attuned to the
                  | shadows. [demonic ancestry]
  2230 | D:3      | Reached XP level 4. HP: 30/30 MP: 3/7
  2488 | D:3      | Learned a level 4 spell: Sticky Flame
  3032 | D:3      | Noticed Terence
  3081 | D:3      | Killed Terence
  3081 | D:3      | Reached XP level 5. HP: 23/35 MP: 6/9
  4536 | D:4      | Gained mutation: You are partially covered in iridescent
                  | scales. (AC +2) [demonic ancestry]
  4536 | D:4      | Reached XP level 6. HP: 41/41 MP: 3/11
  4585 | D:4      | Found a sand-covered staircase.
  4656 | Ossuary  | Entered an ossuary
  5524 | D:4      | Paralysed by an orc for 2 turns
  5532 | D:3      | Gained mutation: You are immune to rotting. [demonic
                  | ancestry]
  5532 | D:3      | Reached XP level 7. HP: 43/46 MP: 1/13
  5704 | D:3      | Reached skill level 5 in Conjurations
  6113 | D:4      | Found a basalt altar of Yredelemnul.
  6162 | D:4      | Noticed Blork the orc
  6168 | D:4      | Killed Blork the orc
  6168 | D:4      | Reached skill level 5 in Fire Magic
  6266 | D:4      | Reached skill level 1 in Fighting
  6684 | D:5      | Entered Level 5 of the Dungeon
  7140 | D:5      | Found a deep blue altar of Sif Muna.
  7694 | D:5      | Reached XP level 8. HP: 46/57 MP: 8/14
  7991 | D:6      | Found a runed door.
  7991 | D:6      | Found a shimmering altar of Xom.
  7991 | D:6      | Noticed confidenceinterval's ghost (novice GnSu)
  7992 | D:6      | Noticed a +1 long sword of chaos
  8017 | D:6      | Got a faintly glowing long sword
  8018 | D:6      | Identified the +3 long sword "Tetepeme" {slice, +Blink
                  | rElec Dex-4 SInv} (You found it on level 6 of the Dungeon)
  8899 | D:6      | Noticed Duvessa
  8934 | D:6      | HP: 1/61 [Duvessa/+0 short sword (6)]
  8936 | D:6      | Mangled by Duvessa

Vault maps used:
D:1:      sevenhm_arrival_forest_fort_small_4
D:2:      okawaru_trees_1, first_ration
D:3:      serial_corexii_hall, chequers_hall_statues_wall_a,
          corexii_hall_statues_l, uniq_terence
D:4:      lemuel_zombie_altar_yredelemnul, nicolae_ossuary_entry_catacombs,
          minivault_11, uniq_blork_the_orc
D:5:      chequers_serial_rivers_large_a, lemuel_blue_sif_altar
D:6:      kennysheep_six_static_rooms, ebering_ghost_xom, uniq_duvessa
Ossuary:  ossuary_the_hunt_dpeg

Skill      XL: |  1  2  3  4  5  6  7  8 |
---------------+-------------------------+-----
Conjurations   | 2 3 4 5 |  5.0
Fire Magic     | 3 4 5 |  5.2
Spellcasting   | 3 4 |  4.0
Dodging        | 3 4 |  4.8
Fighting       | 2 4 |  4.8
Stealth        | |  1.7

Action                   |  1- 3 |  4- 6 |  7- 9 || total
-------------------------+-------+-------+-------++-------
Melee: Short sword       |    15 |    26 |     7 ||    48
       Kick              |     4 |     5 |     3 ||    12
       Blowgun           |       |       |     1 ||     1
 Fire: Blowgun           |       |    40 |    50 ||    90
 Cast: Flame Tongue      |    61 |    99 |   112 ||   272
       Conjure Flame     |       |     9 |     1 ||    10
       Sticky Flame      |       |     2 |    11 ||    13
Evoke: Wand              |       |       |     4 ||     4
  Use: Scroll            |       |     9 |     5 ||    14
 Stab: Sleeping          |       |     1 |       ||     1
       Paralysed         |       |       |     7 ||     7
  Eat: Chunk             |     5 |    10 |    11 ||    26
       Ration            |       |       |     1 ||     1
Armor: Robe              |     3 |    11 |    14 ||    28
Dodge: Dodged            |    33 |    42 |    33 ||   108
Block: Other             |       |       |     7 ||     7
       Reflection        |       |       |     1 ||     1

Table legend:
 A = Non-vault XP
 B = Vault XP
 C = Vault XP percentage of total XP
 D = Non-vault monster count
 E = Vault monster count
 F = Vault count percentage of total count
                 A         B        C        D         E       F
            +---------+---------+-------+---------+---------+-------
      Total |    1651 |     552 |  25.1 |     120 |      20 |  14.3
            +---------+---------+-------+---------+---------+-------
        D:1 |      51 |       0 |   0.0 |      26 |       0 |   0.0
        D:2 |      33 |       0 |   0.0 |      14 |       0 |   0.0
        D:3 |     263 |      36 |  12.0 |      33 |       1 |   2.9
        D:4 |     346 |     223 |  39.2 |      21 |       9 |  30.0
        D:5 |     444 |       7 |   1.6 |      19 |       1 |   5.0
        D:6 |     514 |     112 |  17.9 |       7 |       1 |  12.5
    Ossuary |       0 |     174 | 100.0 |       0 |       8 | 100.0
            +---------+---------+-------+---------+---------+-------
